 Dungeon Crawl Stone Soup version 0.20.1-1-g8b1a95d (webtiles) character file.

16132 vineage the Blocker (level 12, 0/106 HPs)
             Began as a Minotaur Fighter on July 27, 2017.
             Was a Believer of the Shining One.
             Slain by an acid dragon (10 damage)
             ... on level 11 of the Dungeon.
             The game lasted 00:40:00 (10156 turns).

vineage the Blocker (Minotaur Fighter)             Turns: 10156, Time: 00:40:01

Health: 0/106      AC: 13    Str: 25    XL:     12   Next: 7%
Magic:  11/11      EV: 15    Int:  6    God:    the Shining One [**....]
Gold:   522        SH:  5    Dex: 14    Spells: 11/11 levels left

rFire    . . .     SeeInvis +   v - +2 spear (freeze)
rCold    x . .     Gourm    .   (no shield)
rNeg     + . .     Faith    .   I - +4 ring mail of Beyond {rElec Int+3}
rPois    .         Spirit   .   (helmet unavailable)
rElec    +         Reflect  +   (no cloak)
rCorr    .         Harm     .   s - +1 pair of gloves of Boredom {rElec rC- Dex+3 SInv}
MR       ++...                  (no boots)
Stlth    +.........             n - +5 amulet of reflection
Regen    0.3/turn               V - ring of protection from magic
MPRegen  0.2/turn               O - ring "Veoda" {rElec MR+}

@: flying, glowing
A: retaliatory headbutt, horns 3, dopey 1
a: Divine Shield, Renounce Religion


You were on level 11 of the Dungeon.
You worshipped the Shining One.
The Shining One was pleased with you.
You were not hungry.

You visited 1 branch of the dungeon, and saw 11 of its levels.
You also visited: Ossuary.

You collected 679 gold pieces.
You spent 157 gold pieces at shops.

Inventory:

Hand Weapons
 b - a +3 battleaxe
 d - a +0 battleaxe of freezing
 o - a +3 short sword of flaming
 r - a +2 flail of holy wrath
 v - a +2 spear of freezing (weapon)
 C - a +1 quarterstaff of protection
Armour
 c - a +3 shield
 p - a +3 chain mail of cold resistance
 s - the +1 pair of gloves of Boredom (worn) {rElec rC- Dex+3 SInv}
   (You found it on level 8 of the Dungeon)

   It affects your dexterity (+3).
   It makes you vulnerable to cold.
   It insulates you from electricity.
   It lets you see invisible.
 I - the +4 ring mail of Beyond (worn) {rElec Int+3}
   (You found it on level 7 of the Dungeon)

   It affects your intelligence (+3).
   It insulates you from electricity.
 Q - the +1 ring mail of Zoshrod {rF+}
   (You found it on level 9 of the Dungeon)

   It protects you from fire.
Jewellery
 g - an uncursed amulet of the gourmand {unknown}
 k - an uncursed ring of flight
 n - a +5 amulet of reflection (around neck)
 J - an uncursed ring of see invisible {unknown}
 N - an uncursed ring of wizardry
 O - the ring "Veoda" (right hand) {rElec MR+}
   (You found it on level 8 of the Dungeon)

   [ring of protection from magic]

   It insulates you from electricity.
   It affects your resistance to hostile enchantments.
 V - a ring of protection from magic (left hand)
Wands
 t - a wand of iceblast (15/15)
 w - a wand of confusion (37/48)
 B - a wand of scattershot (5/9)
 E - a wand of flame (30/48)
 G - a wand of lightning (4/15)
 K - a wand of acid (4/15)
 S - a wand of iceblast (6/15)
Scrolls
 a - a scroll of noise {unknown}
 i - 5 scrolls of immolation
 q - 4 scrolls of remove curse
 x - a scroll of blinking
 y - 5 scrolls of recharging
 D - a scroll of magic mapping
 R - a scroll of amnesia {unknown}
 X - a scroll of teleportation
 Y - a scroll of fog {unknown}
Potions
 e - a potion of cancellation
 l - 2 potions of lignification
 m - a potion of invisibility
 A - a potion of berserk rage {unknown}
 F - 3 potions of magic
 H - a potion of mutation
 U - 3 potions of agility
Books
 f - Sif Muna's Reference Book on Fire and Evil Rites
   (You found it on level 8 of the Dungeon)

   Spells                             Type                      Level
   a - Flame Tongue                   Conjuration/Fire             1
   b - Animate Skeleton               Necromancy                   1
   c - Sublimation of Blood           Necromancy                   2
   d - Bolt of Magma                  Conjuration/Fire/Earth       5
   e - Agony                          Necromancy                   5
   f - Bolt of Fire                   Conjuration/Fire             6
Comestibles
 h - 2 royal jellies
 j - 5 meat rations
 z - 6 bread rations


   Skills:
 + Level 9.9 Fighting
 + Level 5.3(9.9) Axes
 + Level 12.6(13.0) Polearms
 + Level 8.2 Armour
 + Level 6.6 Dodging
 + Level 2.1 Stealth
 + Level 13.1 Shields


You had 11 spell levels left.
You didn't know any spells.

Dungeon Overview and Level Annotations

Branches:
Dungeon (11/15)            Temple (0/1) D:5            Lair (0/6) D:8
    Orc: D:9-12

Altars:
Ashenzari
Elyvilon
Hepliaklqana
Nemelex Xobeh
Ru
Xom
Yredelemnul
The Shining One

Shops:
D:9 ?


Innate Abilities, Weirdness & Mutations

You reflexively headbutt those who attack you in melee.
You have a pair of large horns on your head.
You are dopey. (Int -2)


Message History

You headbutt the white ugly thing!
The white ugly thing is severely wounded.
You feel sick. The white ugly thing trunk-slaps you!
The white ugly thing freezes you!!
You feel a terrible chill!
* * * LOW HITPOINT WARNING * * *
You are too injured to fight recklessly!
You are too injured to fight recklessly!
You are too injured to fight recklessly!
You are too injured to fight recklessly!
You are too injured to fight recklessly!
You feel better. The white ugly thing trunk-slaps you.
* * * LOW HITPOINT WARNING * * *
The white ugly thing freezes you!!
You feel a terrible chill!
* * * LOW HITPOINT WARNING * * *
The acid dragon spits acid at you. The splash of acid misses you.
You feel very buoyant.
You fly up into the air.
The white ugly thing misses you. The acid dragon bites you!
You die...

#####<# #..# # #.# #..#
# #.# #..# # #.## #..#
#####..######..#
)..[........#..########.
..8####8....#...........
..')...+........†u......
..8#..#8...#....@D......
####''####.#..#########.
#⌠.#..#.⌠#...[#
#..#..#..#....#
#._#..#_.#.#..#
#..#.)#..#.#..#
##......##.#..#
.########..#..#
...(.......#..#


You could see a white ugly thing and an acid dragon.

Vanquished Creatures
  A frost giant (D:11)
  A yaktaur captain (D:11)
  A rakshasa (D:11)
  4 two-headed ogres
  The ghost of vineage the Cleaver, a novice MiFi (D:7)
  Pikel (D:9)
  An orc knight (D:11)
  A gargoyle (D:10)
  3 trolls
  A hippogriff (D:8)
  6 yaks (D:9)
  3 wyverns
  2 hungry ghosts
  5 vampire mosquitoes
  2 wargs (D:8)
  6 orc warriors (D:8)
  4 phantoms
  2 sky beasts
  2 ice beasts
  An eye of draining (D:11)
  3 slaves (D:9)
  A black bear (D:10)
  3 ogres
  A necrophage (D:10)
  5 centaurs
  A crocodile (D:11)
  3 big kobolds
  5 bullfrogs
  A wyvern zombie (D:8)
  5 scorpions
  9 killer bees
  5 wights (D:9)
  A howler monkey (D:8)
  5 crimson imps
  A bullfrog zombie (D:10)
  3 centaur zombies
  3 human zombies (Ossuary)
  4 jellies
  A quasit (D:8)
  5 hounds
  9 orc priests
  2 bullfrog skeletons
  2 iguanas
  2 centaur skeletons
  9 orc wizards
  Terence (D:3)
  2 worker ants
  4 big kobold zombies (Ossuary)
  3 mummies (Ossuary)
  2 worker ant zombies (D:11)
  8 gnolls
  A howler monkey skeleton (D:4)
  10 adders
  3 shadow imps
  An ooze (D:4)
  2 worms (D:2)
  An adder skeleton (D:5)
  4 adder zombies (Ossuary)
  4 leopard geckos
  40 orcs
  4 giant cockroaches
  A gnoll zombie (Ossuary)
  3 goblins (D:2)
  5 hobgoblins
  22 jackals
  2 quokkas (D:7)
  2 ball pythons (D:3)
  3 bats
  2 frilled lizards
  3 goblin zombies (Ossuary)
  2 hobgoblin zombies (Ossuary)
  3 jackal zombies
  11 kobolds
  6 kobold zombies (Ossuary)
  A quokka skeleton (D:7)
  4 quokka zombies
  3 rats
  6 rat zombies (Ossuary)
  A spectral orc (D:5)
307 creatures vanquished.

Vanquished Creatures (others)
  A hippogriff (D:9)
  A slave (D:9)
  An ogre (D:9)
  2 centaurs
5 creatures vanquished.

Grand Total: 312 creatures vanquished

Notes
Turn   | Place    | Note
-------+----------+-------------------------------------------
     0 | D:1      | vineage the Minotaur Fighter began the quest for the Orb.
     0 | D:1      | Reached XP level 1. HP: 19/19 MP: 0/0
    36 | D:1      | You fall through a shaft!
   207 | D:2      | Reached skill level 4 in Shields
   207 | D:2      | Reached XP level 2. HP: 26/27 MP: 1/1
   394 | D:2      | Found a white marble altar of Elyvilon.
   422 | D:2      | Reached XP level 3. HP: 29/33 MP: 2/2
   473 | D:2      | Found a shattered altar of Ashenzari.
   614 | D:2      | Reached XP level 4. HP: 4/40 MP: 3/3
   916 | D:3      | HP: 2/40 [poisoned by an orc]
  1065 | D:3      | Found a hazy altar of Hepliaklqana.
  1257 | D:3      | Reached XP level 5. HP: 39/46 MP: 4/4
  1617 | D:3      | Noticed Terence
  1626 | D:3      | Killed Terence
  1626 | D:3      | Reached skill level 5 in Armour
  2198 | D:4      | Reached skill level 5 in Axes
  2409 | D:5      | Entered Level 5 of the Dungeon
  2496 | D:5      | Reached XP level 6. HP: 44/52 MP: 5/5
  2573 | D:5      | Found a staircase to the Ecumenical Temple.
  2631 | D:5      | Found a shimmering altar of Xom.
  2719 | D:5      | Reached skill level 1 in Polearms
  2722 | D:5      | Reached skill level 5 in Shields
  2891 | D:5      | Found a basalt altar of Yredelemnul.
  2961 | D:5      | Noticed an ice beast
  2970 | D:5      | Killed an ice beast
  3039 | D:6      | Reached XP level 7. HP: 60/60 MP: 6/6
  3048 | D:6      | Reached skill level 1 in Dodging
  3923 | D:6      | Reached skill level 5 in Polearms
  4119 | D:7      | Reached skill level 6 in Shields
  4233 | D:7      | Found a sand-covered staircase.
  4267 | D:7      | Reached XP level 8. HP: 64/67 MP: 7/7
  4273 | D:7      | Got a dazzling ring mail
  4284 | D:7      | Identified the +4 ring mail of Beyond {rElec Int+3} (You found it on level 7 of the Dungeon)
  4450 | Ossuary  | Entered an ossuary
  4491 | Ossuary  | Reached skill level 5 in Fighting
  4780 | D:7      | Reached skill level 7 in Shields
  5096 | D:7      | Noticed vineage's ghost (novice MiFi)
  5135 | D:7      | Killed vineage's ghost
  5135 | D:7      | Reached skill level 8 in Shields
  5135 | D:7      | Reached XP level 9. HP: 24/75 MP: 8/8
  5671 | D:7      | Gained mutation: You are dopey. (Int -2) [potion of mutation]
  5671 | D:7      | Gained mutation: You have a pair of large horns on your head. [potion of mutation]
  5807 | D:8      | Identified Sif Muna's Reference Book on Fire and Evil Rites
  6272 | D:8      | Reached skill level 10 in Polearms
  6288 | D:8      | Reached skill level 9 in Shields
  6653 | D:8      | Found a staircase to the Lair.
  6663 | D:8      | Reached XP level 10. HP: 84/84 MP: 9/9
  6867 | D:8      | Found a transporter.
  6894 | D:8      | Noticed a two-headed ogre
  7318 | D:8      | Killed a two-headed ogre
  7318 | D:8      | Reached skill level 1 in Stealth
  7318 | D:8      | Reached skill level 10 in Shields
  7528 | D:8      | Found a transporter.
  7551 | D:8      | Got a pair of jewelled gloves
  7581 | D:8      | Got a clouded silver ring
  7596 | D:8      | Identified the +1 pair of gloves of Boredom {rElec rC- Dex+3 SInv} (You found it on level 8 of the Dungeon)
  7596 | D:8      | Identified the ring "Veoda" {rElec MR+} (You found it on level 8 of the Dungeon)
  7929 | D:8      | Reached skill level 5 in Dodging
  8003 | D:9      | Got a transparent ring mail
  8023 | D:9      | Noticed Pikel
  8056 | D:9      | Killed Pikel
  8056 | D:9      | Reached skill level 11 in Shields
  8119 | D:9      | Noticed a two-headed ogre
  8134 | D:9      | Killed a two-headed ogre
  8134 | D:9      | Reached XP level 11. HP: 81/95 MP: 10/10
  8168 | D:9      | Identified the +1 ring mail of Zoshrod {rF+} (You found it on level 9 of the Dungeon)
  8360 | D:9      | Found a sacrificial altar of Ru.
  8449 | D:9      | Found Perelyu's Magic Scroll Boutique.
  8452 | D:9      | Bought a scroll of fear for 52 gold pieces
  8452 | D:9      | Bought a scroll of teleportation for 45 gold pieces
  8452 | D:9      | Bought a scroll of identify for 30 gold pieces
  8452 | D:9      | Bought a scroll of identify for 30 gold pieces
  8522 | D:9      | Found a glowing golden altar of the Shining One.
  8566 | D:9      | Became a worshipper of the Shining One
  8609 | D:10     | Entered Level 10 of the Dungeon
  8900 | D:10     | Reached skill level 12 in Shields
  8940 | D:10     | Noticed a two-headed ogre
  8950 | D:10     | Killed a two-headed ogre
  8955 | D:10     | Noticed a two-headed ogre
  8964 | D:10     | Killed a two-headed ogre
  8981 | D:10     | Reached * piety under the Shining One
  9224 | D:10     | Noticed an ogre mage
  9523 | D:11     | Found a large runed door.
  9523 | D:11     | Noticed a rakshasa
  9524 | D:11     | Noticed an orc knight
  9536 | D:11     | Found a large runed door.
  9566 | D:11     | Killed an orc knight
  9644 | D:11     | Killed a rakshasa
  9676 | D:11     | Found a sparkling altar of Nemelex Xobeh.
  9676 | D:11     | Noticed a frost giant
  9697 | D:11     | Noticed a yaktaur captain
  9713 | D:11     | Killed a frost giant
  9713 | D:11     | Reached skill level 13 in Shields
  9719 | D:11     | Killed a yaktaur captain
  9719 | D:11     | Reached XP level 12. HP: 47/106 MP: 11/11
 10021 | D:11     | Found a glowing golden altar of the Shining One.
 10138 | D:11     | Reached ** piety under the Shining One
 10156 | D:11     | Slain by an acid dragon

Skill      XL: |  1  2  3  4  5  6  7  8  9 10 11 |
---------------+----------------------------------+-----
Shields        | 4 5 6 8 9 11 13 | 13.1
Armour         | 4 5 6 7 8 |  8.2
Fighting       | 4 5 6 8 9 |  9.9
Axes           | 3 4 5 |  5.3
Polearms       | 2 5 8 10 12 | 12.6
Dodging        | 1 3 5 6 |  6.6
Stealth        | 1 2 |  2.1

Action                   |  1- 3 |  4- 6 |  7- 9 | 10-12 || total
-------------------------+-------+-------+-------+-------++-------
Melee: War axe           |    50 |    62 |       |       ||   112
       Headbutt          |     5 |    18 |   103 |   134 ||   260
       Spear             |       |    80 |   553 |   569 ||  1202
       Short sword       |       |     2 |       |       ||     2
  Use: Scroll            |       |     9 |    14 |     7 ||    30
       Potion            |       |     1 |     5 |    10 ||    16
  Eat: Bread ration      |       |     1 |     2 |     3 ||     6
       Royal jelly       |       |     1 |       |       ||     1
       Chunk             |       |       |     4 |       ||     4
       Meat ration       |       |       |       |     1 ||     1
Armor: Scale mail        |    23 |    32 |       |       ||    55
       Chain mail        |       |    13 |    20 |       ||    33
       Ring mail         |       |       |    47 |    60 ||   107
Dodge: Dodged            |    13 |    25 |    71 |    71 ||   180
Block: Shield            |    21 |    70 |   216 |   302 ||   609
       Reflection        |       |       |     7 |    19 ||    26
       Other             |       |       |       |     8 ||     8
